 Dungeon Crawl Stone Soup version 0.22-a0-252-gcace5d2 (webtiles) character file.

49 15 the Charmwright (level 3, -13/27 HPs)
             Began as a Demonspawn Skald on Mar 1, 2018.
             Killed from afar by a jackal (29 damage)
             ... with an exploding inner flame
             ... hexed by the player character
             ... on level 2 of the Dungeon.
             The game lasted 00:09:40 (837 turns).

15 the Charmwright (Demonspawn Skald)                Turns: 837, Time: 00:09:44

Health: -13/27     AC: 13    Str: 11    XL:     3   Next: 51%
Magic:  3/6        EV: 12    Int: 14    God:
Gold:   36         SH:  0    Dex: 13    Spells: 1/6 levels left

rFire    . . .     SeeInvis .   g - +1 dagger (protect)
rCold    . . .     Gourm    .   (no shield)
rNeg     . . .     Faith    .   b - +0 leather armour
rPois    .         Spirit   .   (no helmet)
rElec    .         Reflect  .   (no cloak)
rCorr    .         Harm     .   (no gloves)
MR       .....                  q - +0 pair of boots
Stlth    +.........             (no amulet)
HPRegen  0.09/turn              (no ring)
MPRegen  0.10/turn              (no ring)

@: infused, protection aura
A: icy blue scales 1
a: no special abilities


You were on level 2 of the Dungeon.
You were not hungry.

You visited 1 branch of the dungeon, and saw 2 of its levels.

You collected 36 gold pieces.

Inventory:

Hand Weapons
 a - a +0 spear
 g - a +1 dagger of protection (weapon)
 j - a +0 dagger
 k - a cursed -3 short sword
 m - a +0 whip
 p - a cursed -2 whip
Missiles
 c - 5 sling bullets
 o - 47 stones (quivered)
Armour
 b - a +0 leather armour (worn)
 e - a +0 robe
 q - a +0 pair of boots (worn)
Scrolls
 i - a scroll of blinking {unknown}
Potions
 h - a potion of haste
 l - 2 potions of curing {unknown}
Comestibles
 d - 3 rations
 f - 8 chunks of flesh


   Skills:
 + Level 2.1 Fighting
 * Level 0.7 Short Blades
 - Level 2.0 Polearms
 * Level 1.2 Armour
 * Level 1.7 Dodging
 * Level 1.2 Stealth
 * Level 2.3 Spellcasting
 + Level 3.0 Charms
 + Level 0.1 Translocations


You had one spell level left.
You knew the following spells:

 Your Spells              Type           Power        Failure   Level  Hunger
a - Infusion              Chrm           ##..         9%          1    #......
b - Song of Slaying       Chrm           ##......     13%         2    ###....
c - Shroud of Golubria    Chrm/Tloc      #.........   24%         2    ###....


Dungeon Overview and Level Annotations

Branches:
Dungeon (2/15)

Altars:
Elyvilon


Innate Abilities, Weirdness & Mutations

You are partially covered in icy blue scales. (AC +2)


Message History

The jackal bites you but does no damage. x2
The kobold closely misses you. The rat bites you but does no damage.
The jackal bites you.
Your leather armour prevents you from hitting the jackal.
The jackal is lightly wounded.
The jackal barely misses you. The jackal misses you.
The kobold closely misses you. The rat barely misses you.
The jackal closely misses you.
You hit the jackal.
The jackal is severely wounded.
The jackal bites you.
The jackal bites you but does no damage.
The kobold hits you but does no damage. The rat closely misses you.
You hit the jackal!
The jackal explodes!
The fiery explosion engulfs the jackal.
The jackal explodes!
The fiery explosion engulfs you!
Ouch! That really hurt!
You die...

............#
............#
............#
.............#
#..............#
#..............###
..........K.......
#......§§@§.....#
+......§§§r.....#
####......§§§§.....#
...................#
...................#
...................#
...................#
...................#
....###.#'##.#######


You could see a kobold (inner flame) and a rat (inner flame).

Vanquished Creatures
  An adder (D:2)
  An ooze (D:2)
  A worm (D:2)
  2 bats (D:1)
  3 giant cockroaches
  2 goblins (D:1)
  2 hobgoblins (D:1)
  4 jackals (D:2)
  8 kobolds
  3 frilled lizards
  4 rats (D:1)
31 creatures vanquished.

Notes
Turn   | Place    | Note
-------+----------+-------------------------------------------
     0 | D:1      | 15 the Demonspawn Skald began the quest for the Orb.
     0 | D:1      | Reached XP level 1. HP: 16/16 MP: 3/3
   249 | D:1      | Reached skill level 1 in Armour
   249 | D:1      | Gained mutation: You are partially covered in icy blue scales. (AC +2) [demonic ancestry]
   249 | D:1      | Reached XP level 2. HP: 18/22 MP: 1/5
   269 | D:1      | Learned a level 2 spell: Song of Slaying
   272 | D:1      | Learned a level 2 spell: Shroud of Golubria
   443 | D:1      | Reached skill level 3 in Charms
   648 | D:2      | Reached skill level 1 in Stealth
   648 | D:2      | Reached XP level 3. HP: 24/27 MP: 2/6
   725 | D:2      | Found a white marble altar of Elyvilon.
   837 | D:2      | Killed from afar by a jackal

Vault maps used:
D:1:      grunt_arrival_crossed_arrows, hangedman_decor_clover_reticule
D:2:      lemuel_crystal_altar, old_standard_altar, bh_walls_and_bars,
          uniq_jessica, uniq_natasha

Skill      XL: |  1  2 |
---------------+-------+-----
Polearms       | 2 |  2.0
Armour         | 1 |  1.2
Charms         | 3 |  3.0
Stealth        | 1 |  1.2
Fighting       | |  2.1
Short Blades   | |  0.7
Dodging        | |  1.7
Spellcasting   | |  2.3
Translocations | |  0.1

Action                   || total
-------------------------++-------
Melee: Spear             ||    18
       Dagger            ||    92
Throw: Stone             ||     4
 Cast: Infusion          ||    10
       Shroud of Golubri ||     2
       Song of Slaying   ||     2
  Use: Scroll            ||     4
 Stab: Sleeping          ||     1
Armor: Leather armour    ||    42
Dodge: Dodged            ||    80

Table legend:
 A = Spawn XP
 B = Non-spawn XP
 C = Spawn XP percentage of total XP
 D = Spawn monster count
 E = Non-spawn monster count
 F = Spawn count percentage of total count
 G = Total turns spent on level
                    A         B        C        D         E        F      G
               +---------+---------+-------+---------+---------+-------+---------
         Total |       0 |      70 |   0.0 |       0 |      31 |   0.0 |   837
               +---------+---------+-------+---------+---------+-------+---------
           D:1 |       0 |      31 |   0.0 |       0 |      21 |   0.0 |   643
           D:2 |       0 |      39 |   0.0 |       0 |      10 |   0.0 |   194
               +---------+---------+-------+---------+---------+-------+---------
